 Dungeon Crawl Stone Soup version 0.29.1-4-g47bece8355 (webtiles) character file.

Game seed: 357114011893255315

52 FexLirch the Digger (level 3, 0/21 HPs)
             Began as an Octopode Earth Elementalist on Dec 7, 2022.
             Slain by an orc
             ... wielding a +0 club
              (1 damage)
             ... on level 3 of the Dungeon.
             The game lasted 00:07:44 (777 turns).

FexLirch the Digger (Octopode Earth Elementalist)    Turns: 777, Time: 00:07:44

Health: 0/21       AC:  1    Str:  7    XL:     3   Next: 85%
Magic:  2/6        EV: 28    Int: 19    God:
Gold:   21         SH:  0    Dex: 12    Spells: 5/6 levels left

rFire   . . .      SeeInvis .   (no weapon)
rCold   . . .      Faith    .   (no shield)
rNeg    . . .      Spirit   .   (helmet restricted)
rPois   .          Reflect  .   b - amulet of the acrobat
rElec   .          Harm     .   (no ring)
rCorr   .          Rampage  .   (no ring)
Will    .....                   (no ring)
Stlth   +++.......              (no ring)
HPRegen 0.07/turn               (no ring)
MPRegen 0.10/turn               (no ring)
                                (no ring)
                                (no ring)

@: acrobatic
A: almost no armour, amphibious, 8 rings, camouflage 1, gelatinous body 1,
(nimble swimmer 1), tentacles
a: no special abilities


You were on level 3 of the Dungeon.
You visited 1 branch of the dungeon, and saw 3 of its levels.

You collected 21 gold pieces.

Inventory:

Jewellery
 b - an amulet of the acrobat (around mantle)
Scrolls
 e - 2 scrolls of immolation
 f - a scroll of summoning {unknown}
 h - a scroll of identify
 i - a scroll of enchant weapon {unknown}
 j - a scroll of blinking
 k - a scroll of noise {unknown}
Potions
 a - a potion of magic
 c - 2 potions of curing {unknown}
 d - a potion of flight {unknown}
 g - 2 potions of haste {unknown}


   Skills:
 - Level 2.0 Dodging
 - Level 2.6 Stealth
 - Level 2.0 Spellcasting
 - Level 1.0 Transmutations
 + Level 4.6 Earth Magic


You had 5 spell levels left.
You knew the following spells:

 Your Spells              Type           Power      Damage    Failure   Level
a - Sandblast             Erth           38%        2d10      2%          1

Your spell library contained the following spells:

 Spells                   Type           Power      Damage    Failure   Level
 Passwall                 Tmut/Erth      10%        N/A       8%          2
 Stone Arrow              Conj/Erth      20%        3d8       19%         3
 Ensorcelled Hibernation  Hex/Ice        2%         N/A       26%         2
 Swiftness                Air            1%         N/A       45%         3
 Petrify                  Tmut/Erth      12%        N/A       45%         4


Dungeon Overview and Level Annotations

Branches:
Dungeon (3/15)

Altars:

Portals:
Sewer: D:3


Innate Abilities, Weirdness & Mutations

You cannot wear most types of armour.
You are amphibious.
You can wear up to eight rings at the same time.
Your skin changes colour to match your surroundings (Stealth+).
Your rubbery body absorbs attacks. (AC +1, EV +1)
((You are camouflaged when in or above water. (Stealth+)))
You have tentacles for arms and can constrict up to eight enemies at once.


Message History

Casting: Sandblast (safe; 2% risk of failure)
Confirm with . or Enter, or press ? or * to list all spells.
Aiming: Sandblast (safe; 2% risk of failure)
Press: ? - help, Shift-Dir - straight line, f - endoplasm
Aim: an endoplasm (lightly wounded, 98% to hit)
The blast of sand hits the endoplasm!
You kill the endoplasm!
Casting: Sandblast (safe; 2% risk of failure)
Confirm with . or Enter, or press ? or * to list all spells.
Aiming: Sandblast (safe; 2% risk of failure)
Press: ? - help, Shift-Dir - straight line, f - rat
Aim: a rat (wandering, hasn't noticed you, 82% to hit)
The blast of sand hits the rat!
You kill the rat!
The kobold throws a poisoned dart.
The poisoned dart misses you.
The kobold throws a poisoned dart.
The poisoned dart completely misses you.
Casting: Sandblast (safe; 2% risk of failure)
Confirm with . or Enter, or press ? or * to list all spells.
Aiming: Sandblast (safe; 2% risk of failure)
Press: ? - help, Shift-Dir - straight line, f - orc
Aim: an orc, wielding a +0 club and wearing a +0 chain mail (87% to hit)
The blast of sand hits the orc.
The orc is moderately wounded.
Casting: Sandblast (safe; 2% risk of failure)
Confirm with . or Enter, or press ? or * to list all spells.
Aiming: Sandblast (safe; 2% risk of failure)
Press: ? - help, Shift-Dir - straight line, f/p - orc
Aim: an orc, wielding a +0 club and wearing a +0 chain mail (moderately wounded, 87% to hit)
The blast of sand misses the orc.
The orc hits you with a +0 club.
* * * LOW HITPOINT WARNING * * *
The orc hits you with a +0 club.
* * * LOW HITPOINT WARNING * * *
Unknown command.
The orc attacks as you move away! The orc closely misses you.
The orc attacks as you move away! The orc closely misses you.
The orc attacks as you move away! The orc completely misses you.
Found 3 stones.
The orc attacks as you move away! The orc hits you with a +0 club.
You die...

...~~~~~...K........#
.#~~~~~~†#.####.#.#.#
..~~K~~~~..!# #K#.#
..~~~∩~~~...# #o#.#
.~~~~~~~~...# #.#.#
.#~~~~~~~#..###.#.#
...~~~~~......#...#
#..#~..#..###.##..#.#
##......... #.@o....#
####.. ..#.#.##..###
..( #..# #.## #..#
..# #..# #.# ...# ##
####


You could see an orc.

Vanquished Creatures
  3 adders
  An orc (D:3)
  4 ball pythons (D:1)
  3 bats
  3 endoplasms
  A giant cockroach (D:1)
  2 goblins (D:1)
  3 hobgoblins
  A quokka (D:1)
  2 frilled lizards (D:1)
  A kobold (D:1)
  2 rats
26 creatures vanquished.

Vanquished Creatures (others)
  A ball python (D:3)
1 creature vanquished.

Grand Total: 27 creatures vanquished

Notes
Turn   | Place    | Note
-------+----------+-------------------------------------------
     0 | D:1      | FexLirch the Octopode Earth Elementalist began the quest
                  | for the Orb.
     0 | D:1      | Reached XP level 1. HP: 11/11 MP: 3/3
   239 | D:1      | Reached XP level 2. HP: 14/17 MP: 0/5
   335 | D:1      | Found a faded altar of an unknown god.
   526 | D:2      | Reached skill level 4 in Earth Magic
   526 | D:2      | Reached XP level 3. HP: 20/21 MP: 3/6
   740 | D:3      | Found a glowing drain.
   772 | D:3      | HP: 1/21 [orc/+0 club (5)]
   777 | D:3      | Slain by an orc

Illustrated notes

Levels and vault maps discovered:
D:1:      wander_arrival_estate, layout_basic, hellmonk_ecumenical_altar_blasted
D:2:      layout_basic
D:3:      layout_loops_ring, amethyst_overflow_temple_binary,
          cheibrodos_sewer_entry_drain, uniq_grinder

Skill      XL: |  1  2 |
---------------+-------+-----
Earth Magic    | 4 |  4.6
Dodging        | |  2.0
Stealth        | |  2.6
Spellcasting   | |  2.0
Transmutations | |  1.0

Action                   || total
-------------------------++-------
Melee: Unarmed           ||    19
       Constrict         ||     7
       Tentacles         ||     5
 Cast: Sandblast         ||    31
  Use: Scroll            ||     1
Armor: Skin              ||     6
Dodge: Dodged            ||    24
